 Dungeon Crawl Stone Soup version 0.15-a0-58-gfb3cfe9 (webtiles) character file.

227 Ulrar the Slasher (level 4, -5/40 HPs)
             Began as a Minotaur Fighter on Apr 5, 2014.
             Killed by divine providence
             ... invoked by an orc priest
              (11 damage)
             ... on Level 3 of the Dungeon.
             The game lasted 00:05:52 (1291 turns).

Ulrar the Slasher (Minotaur Fighter)                Turns: 1291, Time: 00:05:52

HP  -5/40        AC  7     Str 22      XL: 4   Next:  9%
MP   2/2         EV  7     Int  5      God:
Gold 153         SH 19     Dex  9      Spells:  0 memorised,  3 levels left

rFire  . . .     SeeInvis .     a - +0 long sword
rCold  . . .     Clarity  .     b - +0 scale mail
rNeg   . . .     Conserve .     c - +0 shield
rPois  .         rCorr    .     (helmet restricted)
rElec  .         rRot     .     (no cloak)
SustAb . .       Spirit   .     (no gloves)
rMut   .         Warding  .     (no boots)
Saprov . . .     Stasis   .     (no amulet)
MR     .....                    (no ring)
                                (no ring)

@: not resistant to hostile enchantments, extremely unstealthy
A: retaliatory headbutt, horns 2
a: no special abilities


You were on level 3 of the Dungeon.
You were not hungry.

You visited 1 branch of the dungeon, and saw 3 of its levels.

You collected 153 gold pieces.

Inventory:

Hand weapons
 a - a +0,+0 long sword (weapon)
Armour
 b - a +0 scale mail (worn)
 c - a +0 shield (worn)
Magical devices
 n - a wand of frost (15) {unknown}
Comestibles
 d - 3 bread rations
 g - an apple
 r - a pear
 s - 15 grapes
 v - a meat ration
Scrolls
 j - a scroll of recharging {unknown}
 l - a scroll of teleportation {unknown}
 m - 2 scrolls of magic mapping {unknown}
 o - a scroll of fog {unknown}
 q - a scroll of random uselessness {unknown}
 t - a scroll of remove curse {unknown}
Potions
 e - a potion of might
 f - a potion of curing {unknown}
 h - 2 potions of heal wounds {unknown}
 i - a potion of decay {unknown}
 k - a potion of restore abilities {unknown}
 p - 3 potions of poison {unknown}
 u - a potion of degeneration {unknown}
 w - 2 potions of mutation {unknown}


   Skills:
 - Level 3.8 Fighting
 + Level 4.7 Long Blades
 - Level 3.9 Armour
 - Level 3.9 Shields


You had 3 spell levels left.
You didn't know any spells.

Dungeon Overview and Level Annotations

Branches:
Dungeon (3/15)

Altars:
Nemelex Xobeh


Innate Abilities, Weirdness & Mutations

You reflexively headbutt those who attack you in melee.
You have a pair of horns on your head.


Message History

An orc and an orc priest come into view.
An orc and an orc priest come into view.
The orc shouts!
The orc priest shouts!
The orc priest shouts!
The orc priest mumbles some strange prayers to Beogh against you.
Something smites you!
The orc priest becomes somewhat translucent.
Found a smoky silvery potion.
You closely miss the orc. You headbutt the orc.
The orc is lightly wounded.
You block the orc's attack. The orc hits you with a hand axe.
You slash the orc!
You kill the orc!
You closely miss the orc. The orc barely misses you. You furiously retaliate!
You headbutt the orc, but do no damage.
The orc priest mumbles some strange prayers to Beogh against you.
Something smites you!
* * * LOW HITPOINT WARNING * * *
The orc priest calls down the wrath of Beogh upon you.
Something smites you!
You die...

..# #...#......# ..#
#......#.<.# ..#
###.#.##...# ..
#.#%.....### ..
#.##.......# .
#.##.#..##.##
###.##.#..##..
#.......).##.# # #
###..#.#..##@####.#....!
#..#.#.....o.oo.....#
...........####o#...#
..##.#.##.# # # ..
#.#.##... ......####
.#.###. .#. #. # #.


You could see 2 orc priests and 2 orcs.

Vanquished Creatures
  Ijyb (D:2)
  A shadow imp (D:3)
  2 giant geckos
  2 oozes
  2 orcs (D:3)
  A giant cockroach (D:2)
  4 hobgoblins
  6 bats
  4 giant newts
  4 goblins
  7 jackals (D:1)
  3 kobolds
  6 rats
43 creatures vanquished.

Vanquished Creatures (others)
  A kobold (D:3)
1 creature vanquished.

Grand Total: 44 creatures vanquished

Notes
Turn   | Place    | Note
--------------------------------------------------------------
     0 | D:1      | Ulrar, the Minotaur Fighter, began the quest for the Orb.
     0 | D:1      | Reached XP level 1. HP: 19/19 MP: 1/1
   297 | D:1      | Found a sparkling altar of Nemelex Xobeh.
   316 | D:1      | Reached XP level 2. HP: 24/27 MP: 1/1
   861 | D:2      | Noticed Ijyb
   871 | D:2      | Killed Ijyb
   871 | D:2      | Reached skill level 4 in Long Blades
   871 | D:2      | Reached XP level 3. HP: 33/33 MP: 2/2
  1216 | D:3      | Reached XP level 4. HP: 40/40 MP: 2/2
  1291 | D:3      | Killed from afar by an orc priest

Action                   |  1- 3 |  4- 6 || total
-------------------------+-------+-------++-------
Melee: Long sword        |    91 |    15 ||   106
